 Dungeon Crawl Stone Soup version 0.30-a0-381-g6ea064c7b4 (webtiles) character file.

Game seed: 14500669396367006802

364 testman the Trooper (level 6, -5/51 (59) HPs)
             Began as an Armataur Fighter on Dec 1, 2022.
             Was an Initiate of Lugonu.
             Slain by Grinder (8 damage)
             ... while paralysed by Grinder
             ... on level 3 of the Dungeon.
             The game lasted 00:06:12 (1582 turns).

testman the Trooper (Armataur Fighter)              Turns: 1582, Time: 00:06:13

HP:   -5/51 (59)    AC:  6    Str: 24    XL:     6   Next: 39%
MP:   6/6           EV:  1    Int:  8    God:    Lugonu [......]
Gold: 93            SH:  0    Dex:  9    Spells: 5/5 levels left

rFire   . . .      SeeInvis .    a - +0 flail
rCold   . . .      Faith    .    c - +0 buckler
rNeg    . . .      Spirit   .    b - +0 scale mail
rPois   .          Reflect  .    (no helmet)
rElec   .          Harm     .    (no cloak)
rCorr   .          Roll     +    (no gloves)
Will    .....                    (no barding)
Stlth   ..........               (no amulet)
HPRegen 0.28/turn                (no ring)
MPRegen 0.10/turn                (no ring)

@: paralysed, hasted, heavily drained
A: large, rugged brown scales 3, deformed body, armoured tail, roll, long
tongue, awkward tongue
a: Renounce Religion


You were on level 3 of the Dungeon.
You worshipped Lugonu.
Lugonu was noncommittal.
You visited 1 branch of the dungeon, and saw 3 of its levels.
You visited the Abyss 1 time.

You collected 93 gold pieces.

Inventory:

Hand Weapons
 a - a +0 flail (weapon)
Missiles
 f - 4 poisoned darts (quivered)
Armour
 b - a +0 scale mail (worn)
 c - a +0 buckler (worn)
Scrolls
 d - a scroll of poison {unknown}
 g - a scroll of butterflies {unknown}
 i - a scroll of enchant armour {unknown}
 j - a scroll of identify {unknown}
 m - a scroll of fear {unknown}
 o - a scroll of blinking {unknown}
Potions
 e - a potion of brilliance
 l - a potion of cancellation {unknown}
 n - a potion of heal wounds {unknown}


   Skills:
 + Level 5.0 Fighting
 + Level 4.5 Maces & Flails
 - Level 3.6 Armour
 - Level 3.2 Shields


You had 5 spell levels left.
You didn't know any spells.
Your spell library contained the following spells:

 Spells                   Type           Power      Damage    Failure   Level
 Apportation              Tloc           0%         N/A       78%         1
 Alistair's Intoxication  Tmut/Pois      0%         N/A       100%        5


Dungeon Overview and Level Annotations

Branches:
Dungeon (3/15)

Altars:
Kikubaaqudgha

Annotations:
D:3 Grinder, Jessica


Innate Abilities, Weirdness & Mutations

You are completely covered in rugged brown scales. (AC +3, +7% HP)
Armour fits poorly on your strangely shaped body.
You have a long armoured tail.
You roll when moving toward enemies. (Rampage)
Your long tongue fully drains potion bottles. (2x potion effects)
Your tongue gives you trouble enunciating. (1.5x scroll delay)


Message History

The wight barely misses you.
Found 7 gold pieces.
The wight barely misses you.
You barely miss the wight. You tail-slap the wight!
The wight is heavily damaged.
The wight hits you but does no damage. The wight hits you with a +0 spear.
You feel drained.
You sock the wight!
You destroy the wight!
Lugonu accepts your kill.
Grinder says, "DUCK!"
Your life force feels restored.
Your Fighting skill increases to level 5!
You closely miss the wight. The wight hits you with a +0 falchion!
You feel drained.
You hit the wight but do no damage. The wight hits you but does no damage.
You closely miss the wight.
You tail-slap the wight, but do no damage.
The wight hits you with a +0 falchion!
You sock the wight!
The wight is heavily damaged.
The wight hits you with a +0 falchion!
You feel drained. The wight hits you with a +0 falchion.
You feel drained.
Grinder blinks!
You hit the wight but do no damage.
The wight is heavily damaged.
Grinder blinks!
The wight hits you with a +0 falchion!
* * * LOW HITPOINT WARNING * * *
You feel drained.
* * * LOW HITPOINT WARNING * * *
You slurp down every last drop of the lumpy coppery potion!
It was a potion of haste.
You feel yourself speed up. The wight hits you with a +0 falchion!
* * * LOW HITPOINT WARNING * * *
You feel drained.
You roll towards Grinder!
Found a stone staircase leading down.
Grinder completely misses you. Grinder gestures at you.
You suddenly lose the ability to move!
Grinder hits you!
You die...

.....#>####...##.###......<#
.................†.........#
.................).........#
....#.#....#....####.....^.#
_...#.####.#)...# #.......#
................# ##.......#
....z)###.z.....##.........#
.#...#.z..#.zz..#........###
....##.####..##5@........#
.#..##.##.......##.......#
.....$.##.......# ..>##
.......##......... ...#
.......##......... ...
...#..############ ## .....


You could see Grinder and 3 wights.

Vanquished Creatures
  Sigmund (D:2)
  2 wights (D:3)
  Terence (D:3)
  4 adders (D:2)
  4 orcs
  4 ball pythons (D:1)
  3 bats
  An endoplasm (D:3)
  A giant cockroach (D:1)
  5 hobgoblins
  3 kobolds
  3 quokkas
  3 frilled lizards
  3 goblins
  8 rats
46 creatures vanquished.

Notes
Turn   | Place    | Note
-------+----------+-------------------------------------------
     0 | D:1      | testman the Armataur Fighter began the quest for the Orb.
     0 | D:1      | Reached XP level 1. HP: 19/19 MP: 1/1
   279 | D:1      | Reached skill level 3 in Fighting
   279 | D:1      | Reached XP level 2. HP: 26/27 MP: 2/2
   791 | D:2      | Reached XP level 3. HP: 33/33 MP: 3/3
   848 | D:2      | Noticed Sigmund
   854 | D:2      | Killed Sigmund
   855 | D:2      | Reached skill level 4 in Fighting
   855 | D:2      | Reached XP level 4. HP: 38/43 MP: 4/4
   855 | D:2      | Reached XP level 5. HP: 44/50 MP: 5/5
   915 | D:2      | Found an ancient bone altar of Kikubaaqudgha.
  1248 | D:3      | Noticed Jessica
  1267 | D:3      | Reached XP level 6. HP: 45/56 MP: 6/6
  1284 | Abyss:1  | Cast into level 1 of the Abyss (orc)
  1285 | Abyss:1  | Found a corrupted altar of Lugonu.
  1289 | Abyss:1  | Became a worshipper of Lugonu the Unformed
  1289 | Abyss:1  | Reached * piety under Lugonu
  1292 | Abyss:1  | Noticed a thrashing horror
  1294 | D:3      | Escaped the Abyss
  1295 | D:3      | HP: 1/56 [orc/+0 hand axe of distortion (3)]
  1488 | D:3      | Noticed Terence
  1501 | D:3      | Killed Terence
  1551 | D:3      | Found a faded altar of an unknown god.
  1556 | D:3      | Noticed Grinder
  1565 | D:3      | Reached skill level 5 in Fighting
  1570 | D:3      | HP: 1/53 [wight/+0 falchion (7)]
  1579 | D:3      | Paralysed by Grinder for 5 turns
  1582 | D:3      | Slain by Grinder

Illustrated notes

Levels and vault maps discovered:
D:1:      lightli_arrival_chessboard, layout_basic, minmay_surrounded
D:2:      cheibrodos_helix_gallery, layout_rooms, basic_altar,
          dreamdust_princess_corridor, uniq_sigmund
D:3:      layout_rooms, mainiacjoe_overflow_tiny_flanked,
          lightli_temple_of_fire, dreamdust_ecumenical_altar_statues,
          hangedman_decor_diamond_cutter, uniq_crazy_yiuf_cottage, uniq_jessica,
          uniq_terence, uniq_grinder

Skill      XL: |  1  2  3  4  5  6 |
---------------+-------------------+-----
Maces & Flails | 2 3 4 |  4.5
Fighting       | 3 4 5 |  5.0
Armour         | |  3.6
Shields        | |  3.2

Action                   |  1- 3 |  4- 6 || total
-------------------------+-------+-------++-------
Melee: Flail             |    71 |    66 ||   137
       Tailslap          |     4 |     8 ||    12
Invok: Depart the Abyss  |       |     1 ||     1
  Use: Potion            |     1 |     4 ||     5
Armor: Scale mail        |    57 |    29 ||    86
Dodge: Dodged            |    25 |    23 ||    48
Block: Buckler           |    13 |    13 ||    26

Table legend: (Time is in decaauts)
 A = Elapsed time spent in this place.
 B = Non-inter-level travel time spent in this place.
 C = Inter-level travel time spent in this place.
 D = Time resting spent in this place.
 E = Time spent auto-exploring this place.
 F = Levels seen in this place.
 G = Mean time per level.
                   A        B        C        D        E       F      G
               +--------+--------+--------+--------+--------+-----+--------+
         Total |   1615 |   1522 |     93 |    112 |   1046 |   4 |  403.8 |
       Dungeon |   1605 |   1512 |     93 |    112 |   1046 |   3 |  535.0 |
         Abyss |      9 |      9 |      0 |      0 |      0 |   1 |    9.0 |
               +--------+--------+--------+--------+--------+-----+--------+

Top non-repeatable levels by time:
     D:1: 733 daAuts
     D:2: 676 daAuts
     D:3: 195 daAuts
 Abyss:1: 9 daAuts
